[Event "Titled Tuesday Blitz February 15 Early 2022"]
[White "Ezat, Mohamed"]
[Black "Pourkashiyan, Atousa"]
[WhiteFideId "10600906"]
[BlackFideId "12502014"]
[WhiteElo "2386"]
[BlackElo "2247"]
[Result "1-0"]
[Round "09"]
[TimeControl "180+1"]
[Date "2022.02.15"]
[WhiteClock "0:00:14"]
[BlackClock "0:00:09"]

1. d4 Nf6 2. c4 e6 3. Nc3 Bb4 4. e3 O-O 5. a3 Bxc3+ 6. bxc3 c5 7. Bd3 b6 8. Ne2 Nc6 9. O-O Ba6 10. e4 Ne8 11. Ng3 Na5 12. f4 cxd4 13. cxd4 f5 14. exf5 exf5 15. Nxf5 Bxc4 16. Re1 Qf6 17. Bxc4+ Nxc4 18. Qf3 Nc7 19. g4 Kh8 20. Qd3 d5 21. Ng3 Ne6 22. f5 Qxd4+ 23. Qxd4 Nxd4 24. Rd1 Nc2 25. Ra2 N2e3 26. Bxe3 Nxe3 27. Rd4 Rac8 28. Re2 Rc3 29. Kf2 Nc4 30. Rxd5 Nxa3 31. Rd7 Rc2 32. Rxc2 Nxc2 33. Rxa7 Rb8 34. Nh5 b5 35. f6 Kg8 36. Rxg7+ Kf8 37. Rxh7 Rb6 38. g5 Nd4 39. g6 Nf5 40. Rh8# 1-0


[Site "https://www.chess.com"]

[Event "Titled Tuesday Blitz February 15 Early 2022"]
[White "FGHSMN"]
[Black "Petesch, Gabriel"]
[BlackFideId "2032465"]
[WhiteElo "2709"]
[BlackElo "2374"]
[Result "1-0"]
[Round "09"]
[TimeControl "180+1"]
[Date "2022.02.15"]
[WhiteClock "0:01:59"]
[BlackClock "0:01:11"]

1. b3 b6 2. e4 Bb7 3. Nc3 g6 4. d4 Bg7 5. Nf3 d6 6. Bb2 Nd7 7. Bd3 Ngf6 8. O-O O-O 9. Re1 e5 10. d5 Nc5 11. Bf1 a5 12. a3 Nh5 13. b4 Nd7 14. g3 f5 15. exf5 gxf5 16. Nxe5 dxe5 17. Qxh5 Kh8 18. Bg2 e4 19. bxa5 Rxa5 20. Rad1 Ne5 21. Nxe4 fxe4 22. Bxe5 Rxd5 23. Bxe4 1-0


[Site "https://www.chess.com"]

[Event "Titled Tuesday Blitz February 15 Early 2022"]
[White "Faizrakhmanov, Ramil"]
[Black "Osmak, Yuliia"]
[WhiteFideId "24103209"]
[BlackFideId "14101602"]
[WhiteElo "2502"]
[BlackElo "2302"]
[Result "1-0"]
[Round "09"]
[TimeControl "180+1"]
[Date "2022.02.15"]
[WhiteClock "0:00:36"]
[BlackClock "0:00:48"]

1. e4 e5 2. Nf3 Nc6 3. Bb5 a6 4. Ba4 Nf6 5. O-O Be7 6. Re1 b5 7. Bb3 d6 8. c3 O-O 9. h3 Re8 10. d4 Bf8 11. Nbd2 Na5 12. Bc2 c5 13. a4 Bb7 14. d5 c4 15. Nf1 Qc7 16. g4 Bc8 17. Ng3 Bd7 18. g5 Nxd5 19. exd5 Bxh3 20. axb5 axb5 21. Nh2 Qd7 22. Qh5 g6 23. Qh4 Bg7 24. Be3 Nb7 25. Rxa8 Rxa8 26. Ne4 Bf5 27. Nf6+ Bxf6 28. gxf6 h5 29. Qg5 Qc8 30. Qh6 Qf8 31. Bxf5 Qxh6 32. Bxh6 gxf5 33. Nf3 Ra2 34. Re2 f4 35. Nh4 Kh7 36. Bxf4 exf4 37. Re7 Nc5 38. Rxf7+ Kh6 39. Rg7 1-0


[Site "https://www.chess.com"]

[Event "Titled Tuesday Blitz February 15 Early 2022"]
[White "Fedoseev, Vladimir"]
[Black "Sarana, Alexey"]
[WhiteFideId "24130737"]
[BlackFideId "24133795"]
[WhiteElo "2726"]
[BlackElo "2665"]
[Result "1/2-1/2"]
[Round "09"]
[TimeControl "180+1"]
[Date "2022.02.15"]
[WhiteClock "0:00:02"]
[BlackClock "0:00:03"]

1. e4 c5 2. Nf3 d6 3. d4 cxd4 4. Qxd4 Nc6 5. Bb5 Bd7 6. Qd3 g6 7. O-O Bg7 8. c4 Nf6 9. Nc3 Ng4 10. Bf4 O-O 11. Bxc6 Bxc6 12. h3 Ne5 13. Bxe5 dxe5 14. Qe2 e6 15. b4 a6 16. a4 Qe7 17. b5 Bd7 18. Rfb1 Rfc8 19. Nd1 Rc7 20. Nb2 Rac8 21. Qe3 Be8 22. Rd1 Qb4 23. Rab1 h5 24. Qd2 Qa3 25. Qd6 Qxd6 26. Rxd6 Bf8 27. Rdd1 f6 28. Rd3 g5 29. Kf1 Bg6 30. Nd2 g4 31. hxg4 hxg4 32. Ke2 Bh6 33. f3 gxf3+ 34. gxf3 axb5 35. axb5 Ra8 36. Nd1 Ra2 37. Ne3 Bf4 38. Rg1 Kf7 39. Rh1 Kg7 40. Rg1 Kf7 41. Rh1 Re7 42. Rd8 Kg7 43. Rhh8 Bf7 44. Rh4 Bg5 45. Rg4 Bh5 46. Rg1 Rc7 47. Rd6 Kf7 48. b6 Re7 49. c5 Rb2 50. Rxg5 fxg5 51. Nc4 Rc2 52. Kd3 Rc1 53. Nxe5+ Kf6 54. Nec4 Be8 55. Kd4 Bb5 56. Ne3 Ba6 57. e5+ Kf7 58. Ne4 Kg6 59. c6 bxc6 60. Nc5 Bc8 61. Rxc6 Bb7 62. Rc7 Rxc7 63. bxc7 Bc8 64. Nc4 Rd1+ 65. Kc3 Rc1+ 66. Kb4 Rb1+ 67. Ka5 Rc1 68. Kb5 Rb1+ 69. Kc6 Rc1 70. Nd6 Ba6 71. Kb6 g4 72. fxg4 Kg5 73. Nxe6+ Kxg4 74. Kxa6 Kf3 75. Kb6 Ke3 76. Nc5 Kd4 77. Kc6 Rxc5+ 78. Kd7 Rxc7+ 79. Kxc7 Kxe5 1/2-1/2


[Site "https://www.chess.com"]

[Event "Titled Tuesday Blitz February 15 Early 2022"]
[White "Fiorito, Fabian"]
[Black "Kostiukov, Alexandr"]
[WhiteFideId "100200"]
[BlackFideId "14108100"]
[WhiteElo "2395"]
[BlackElo "2202"]
[Result "0-1"]
[Round "09"]
[TimeControl "180+1"]
[Date "2022.02.15"]
[WhiteClock "0:01:23"]
[BlackClock "0:01:08"]

1. d4 g6 2. e4 Bg7 3. Nc3 d6 4. Be3 e5 5. Nge2 exd4 6. Nxd4 Nc6 7. f3 Nge7 8. h4 h5 9. Qd2 O-O 10. O-O-O Nxd4 11. Bxd4 Bxd4 12. Qxd4 Nc6 13. Qd2 Be6 14. g4 hxg4 15. h5 g5 16. h6 gxf3 17. Bb5 Ne5 18. Rdg1 f6 19. Nd5 c6 20. Nxf6+ Qxf6 21. Rxg5+ Kh8 22. Bf1 Qf4 23. Rhg1 Qxd2+ 24. Kxd2 Rg8 25. Rg7 Rxg7 26. hxg7+ Kg8 27. Ke3 Re8 28. b3 Re7 29. Rh1 Rxg7 30. Bd3 c5 31. Rh6 Kf7 32. Rh4 f2 33. Kxf2 Rg6 34. Ke3 Kg7 35. Be2 Rg3+ 36. Kf2 Rc3 37. Bd1 b5 38. Ke1 b4 39. Kd2 Rg3 40. Rf4 a5 41. Bh5 Rg2+ 42. Kc1 c4 43. Bd1 cxb3 44. axb3 Bxb3 45. Rf5 Be6 46. Rh5 a4 0-1


[Site "https://www.chess.com"]

[Event "Titled Tuesday Blitz February 15 Early 2022"]
[White "Firat, Burak"]
[Black "Willow, Jonah B"]
[WhiteFideId "6305881"]
[BlackFideId "438804"]
[WhiteElo "2419"]
[BlackElo "2261"]
[Result "0-1"]
[Round "09"]
[TimeControl "180+1"]
[Date "2022.02.15"]
[WhiteClock "0:00:17"]
[BlackClock "0:00:06"]

1. Nf3 c5 2. c4 Nc6 3. g3 g6 4. Bg2 Bg7 5. O-O e6 6. Nc3 Nge7 7. e3 O-O 8. b3 d5 9. Bb2 d4 10. Na4 b6 11. exd4 cxd4 12. d3 Bb7 13. a3 e5 14. Re1 Re8 15. b4 Nf5 16. b5 Na5 17. Nd2 Bxg2 18. Kxg2 Nd6 19. Qf3 Rc8 20. Rac1 f5 21. Qd5+ Nf7 22. Qxd8 Rexd8 23. c5 Bh6 24. Rc2 Bxd2 25. Rxd2 bxc5 26. f4 Re8 27. fxe5 Rxe5 28. Rxe5 Nxe5 29. Rc2 Nb3 30. Re2 Nxd3 31. Re7 Nxb2 32. Nxb2 c4 33. Rxa7 c3 34. Nd3 Nc5 35. b6 Nxd3 36. b7 Rf8 37. Ra8 c2 38. Rxf8+ Kxf8 39. b8=Q+ Kg7 40. Qc7+ Kh6 41. Qd6 c1=Q 42. Qf8+ Kh5 43. g4+ fxg4 44. Qf7 Nf4+ 45. Kg3 Qg1+ 46. Kxf4 Qf2+ 0-1


[Site "https://www.chess.com"]

[Event "Titled Tuesday Blitz February 15 Early 2022"]
[White "Gabdrakhmanov, Azat"]
[Black "Golizadeh, Asghar"]
[WhiteFideId "34189197"]
[BlackFideId "12505269"]
[WhiteElo "2279"]
[BlackElo "2403"]
[Result "1-0"]
[Round "09"]
[TimeControl "180+1"]
[Date "2022.02.15"]
[WhiteClock "0:00:22"]
[BlackClock "0:00:22"]

1. e4 c5 2. Nf3 g6 3. d4 cxd4 4. Nxd4 Nc6 5. Nc3 Bg7 6. Nb3 Nf6 7. Be2 a5 8. a4 d5 9. exd5 Nb4 10. Bb5+ Bd7 11. O-O O-O 12. d6 exd6 13. Bf4 Bf5 14. Nd4 Bg4 15. Qd2 d5 16. h3 Bd7 17. Bg5 Bxb5 18. Ncxb5 Qb6 19. Bxf6 Bxf6 20. c3 Nc6 21. Nf3 Rad8 22. Rad1 Kg7 23. Qf4 Rfe8 24. Rde1 Qc5 25. Qc7 Rxe1 26. Rxe1 Rb8 27. Nd6 Rf8 28. Re8 Bd8 29. Rxd8 Rxd8 30. Qxf7+ Kh8 31. Qf6+ Kg8 32. Nxb7 Qe7 33. Qxe7 Nxe7 34. Nxd8 Kf8 35. Nb7 Ke8 36. Nxa5 Kd7 37. b4 Nf5 38. Nd4 Kd6 39. Nxf5+ gxf5 40. Nb3 d4 41. Nxd4 Kd5 42. a5 Ke4 43. a6 f4 44. a7 f3 45. a8=Q+ Kd3 46. Qxf3+ Kc4 47. Qc6+ Kd3 48. b5 h5 49. b6 h4 50. b7 Kd2 51. b8=Q Kd3 52. Qb1+ Kd2 53. Qc2+ Ke1 54. Q6e4# 1-0


[Site "https://www.chess.com"]

[Event "Titled Tuesday Blitz February 15 Early 2022"]
[White "Gaehwiler, Gabriel"]
[Black "Urazayev, Arystanbek"]
[WhiteFideId "1314530"]
[BlackFideId "13709810"]
[WhiteElo "2383"]
[BlackElo "2321"]
[Result "0-1"]
[Round "09"]
[TimeControl "180+1"]
[Date "2022.02.15"]
[WhiteClock "0:00:11"]
[BlackClock "0:00:45"]

1. d4 Nf6 2. c4 e6 3. g3 d5 4. Bg2 Bb4+ 5. Bd2 Be7 6. Qc2 O-O 7. Nf3 c6 8. O-O b6 9. cxd5 cxd5 10. Ne5 Nfd7 11. Nd3 Bb7 12. Nc3 Nc6 13. e3 Rc8 14. Rfc1 Nb4 15. Nxb4 Bxb4 16. Qa4 a5 17. a3 Bc6 18. Qb3 Bxc3 19. Bxc3 Bb7 20. Be1 h5 21. Qd1 Nf6 22. Rxc8 Qxc8 23. Rc1 Qd7 24. Bf3 h4 25. Rc2 hxg3 26. hxg3 Rc8 27. Qc1 Ne4 28. Rxc8+ Bxc8 29. b4 a4 30. Bxe4 dxe4 31. b5 Bb7 32. Bb4 f6 33. Qc2 Qxb5 34. Qc7 Ba6 35. Qb8+ Kh7 36. Qf4 Qf1+ 37. Kh2 Bd3 38. Bd6 Kg8 39. Bb4 Be2 40. Qxe4 Qxf2+ 41. Qg2 Qxe3 42. d5 Bf3 43. Qd2 Qxd2+ 44. Bxd2 Bxd5 45. Kg1 e5 46. Kf2 Kf7 47. Bc3 Ke6 48. Ke3 b5 49. Bb4 Kf5 50. Bf8 g6 51. Be7 Ke6 52. Bb4 f5 53. Bd2 g5 54. Kd3 f4 55. Ke2 Kf5 56. Kf2 Kg4 0-1


[Site "https://www.chess.com"]

[Event "Titled Tuesday Blitz February 15 Early 2022"]
[White "Garagulya, Konstantin"]
[Black "Pinheiro, Iung Alicio de O."]
[WhiteFideId "4128931"]
[BlackFideId "2104350"]
[WhiteElo "2329"]
[BlackElo "2643"]
[Result "1-0"]
[Round "09"]
[TimeControl "180+1"]
[Date "2022.02.15"]
[WhiteClock "0:00:07"]
[BlackClock "0:00:06"]

1. d4 Nf6 2. Nf3 g6 3. Nc3 d5 4. Bf4 Bg7 5. e3 O-O 6. Nb5 Na6 7. c4 c6 8. Nc3 c5 9. Be5 Bg4 10. Bxf6 Bxf6 11. Nxd5 Bg7 12. Be2 e6 13. Nc3 Qb6 14. Qb3 Qa5 15. O-O Bxf3 16. Bxf3 cxd4 17. exd4 Bxd4 18. Qxb7 Rab8 19. Qe4 Bg7 20. Qe2 Nc5 21. Rfc1 Rfd8 22. Rc2 Qb4 23. h4 Nd3 24. Nd1 a5 25. Rb1 a4 26. h5 Nf4 27. Qe3 g5 28. g3 Bd4 29. Qe4 f5 30. Qc6 Qe1+ 31. Kh2 Rbc8 32. Qb7 g4 33. Bg2 Ne2 34. Rxe2 Qxe2 35. h6 Bf6 36. Ne3 Qd3 37. Rd1 Qxd1 38. Nxd1 Rxd1 39. Qxc8+ Rd8 40. Qxe6+ Kf8 41. Qxf6+ Ke8 42. Qe6+ Kf8 43. Bd5 Rd7 44. Qxd7 f4 45. Qf7# 1-0


[Site "https://www.chess.com"]

[Event "Titled Tuesday Blitz February 15 Early 2022"]
[White "Garriga Cazorla, Pere"]
[Black "Demchenko, Anton"]
[WhiteFideId "32011601"]
[BlackFideId "4160258"]
[WhiteElo "2458"]
[BlackElo "2539"]
[Result "0-1"]
[Round "09"]
[TimeControl "180+1"]
[Date "2022.02.15"]
[WhiteClock "0:00:06"]
[BlackClock "0:00:13"]

1. d4 Nf6 2. c4 d6 3. Nc3 e5 4. Nf3 Nbd7 5. e4 Be7 6. Be2 O-O 7. O-O c6 8. Re1 Qc7 9. Bf1 Re8 10. d5 Nf8 11. h3 Ng6 12. Be3 Bd7 13. Rc1 c5 14. a3 h6 15. b4 b6 16. Nd2 Nh7 17. Nb3 Bg5 18. g3 Bxe3 19. Rxe3 Rf8 20. Nb5 Qb8 21. bxc5 bxc5 22. Na5 a6 23. Nc3 Qc7 24. Nb3 f5 25. exf5 Bxf5 26. h4 Rf7 27. Nd2 Nf6 28. Bd3 Ne7 29. Rb1 Raf8 30. Qc2 Bxd3 31. Qxd3 Ng4 32. Rf3 Nf5 33. Nce4 Nd4 34. Rxf7 Qxf7 35. Rf1 Qd7 36. Kg2 Nf6 37. Nxf6+ Rxf6 38. Qe4 Qa4 39. Qg4 Rf8 40. Qg6 Nf5 41. h5 Qc2 42. Qe6+ Kh8 43. Rb1 Qxd2 0-1


[Site "https://www.chess.com"]

[Event "Titled Tuesday Blitz February 15 Early 2022"]
[White "Goltsev, Dmitry"]
[Black "Kretov, Evgenij"]
[WhiteFideId "24176710"]
[BlackFideId "4167821"]
[WhiteElo "2273"]
[BlackElo "2303"]
[Result "0-1"]
[Round "09"]
[TimeControl "180+1"]
[Date "2022.02.15"]
[WhiteClock "0:00:06"]
[BlackClock "0:00:19"]

1. e4 c5 2. Nf3 Nc6 3. d4 cxd4 4. Nxd4 g6 5. Nxc6 bxc6 6. Qd4 f6 7. Bc4 Ba6 8. Bxa6 Qa5+ 9. Nc3 Qxa6 10. Be3 Nh6 11. O-O-O d6 12. f3 Nf7 13. f4 Bg7 14. h4 O-O 15. Qd3 Qa5 16. h5 Rfb8 17. hxg6 hxg6 18. g4 g5 19. f5 Ne5 20. Qe2 Qb4 21. Bd4 Nc4 22. Nb1 Nxb2 23. a3 Qb7 24. Rh3 Nxd1 25. Nd2 Qb5 26. Qh2 Qa4 27. Ba1 Rb5 28. Kxd1 Rab8 29. Bc3 Rc5 30. Ke2 Qxc2 31. Bd4 Rc4 32. Rd3 Rb1 33. Qh5 Qd1+ 34. Kf2 Qe1+ 35. Kf3 Rb8 36. Be3 Rc2 37. Qh2 Qd1+ 38. Qe2 Qh1+ 39. Qg2 Qxg2+ 40. Kxg2 Kf8 41. Kf3 Ke8 42. Nf1 Kd7 43. Ng3 Rcb2 44. Nh5 Bf8 45. Bxa7 R8b3 46. Re3 Rxe3+ 47. Bxe3 Rb3 48. a4 Ra3 49. Ng3 Rxa4 50. Ne2 e5 51. Nc3 Ra3 52. Ne2 Be7 53. Kf2 Bd8 54. Bc1 Bb6+ 55. Ke1 Ra2 56. Nc3 Ra1 57. Kd1 Ba5 58. Ne2 Ra2 59. Ng3 d5 60. Nh5 Ke7 61. exd5 cxd5 62. Be3 d4 63. Bc1 e4 64. Ng3 e3 65. Ne4 e2# 0-1


[Site "https://www.chess.com"]

[Event "Titled Tuesday Blitz February 15 Early 2022"]
[White "Goltseva, Ekaterina"]
[Black "Sinitsina, Anastassia"]
[WhiteFideId "24173770"]
[BlackFideId "4504640"]
[WhiteElo "2140"]
[BlackElo "2144"]
[Result "1-0"]
[Round "09"]
[TimeControl "180+1"]
[Date "2022.02.15"]
[WhiteClock "0:01:25"]
[BlackClock "0:01:26"]

1. d4 Nf6 2. c4 g6 3. Nc3 Bg7 4. e4 d6 5. Nge2 O-O 6. Ng3 c5 7. d5 e6 8. Be2 exd5 9. cxd5 h5 10. Bg5 Qa5 11. Qd2 Na6 12. O-O Re8 13. f4 Nh7 14. Bh4 Bg4 15. Bxg4 hxg4 16. e5 dxe5 17. f5 e4 18. Ngxe4 Bd4+ 19. Kh1 Qc7 20. d6 Qd7 21. fxg6 fxg6 22. Be7 Nb4 23. Qh6 Qe6 24. Qxh7+ 1-0


[Site "https://www.chess.com"]

[Event "Titled Tuesday Blitz February 15 Early 2022"]
[White "Golubenko, Valentina"]
[Black "Murthy, Pappu"]
[WhiteFideId "4501993"]
[BlackFideId "2013401"]
[WhiteElo "2164"]
[BlackElo "1950"]
[Result "1-0"]
[Round "09"]
[TimeControl "180+1"]
[Date "2022.02.15"]
[WhiteClock "0:01:42"]
[BlackClock "0:00:13"]

1. d4 Nf6 2. g3 e6 3. Bg2 d5 4. c4 dxc4 5. Nf3 Bb4+ 6. Bd2 Bd6 7. Qa4+ Nc6 8. Qxc4 O-O 9. O-O e5 10. d5 Ne7 11. e4 h6 12. Nc3 a6 13. a4 Nh7 14. Rac1 f5 15. Nxe5 Bxe5 16. d6+ Kh8 17. dxe7 Qxe7 18. Nd5 Qd7 19. Bb4 Rg8 20. Ne7 Re8 21. Ng6# 1-0


[Site "https://www.chess.com"]

[Event "Titled Tuesday Blitz February 15 Early 2022"]
[White "Goryachkina, Aleksandra"]
[Black "Coto Mederos, Michel"]
[WhiteFideId "4147103"]
[BlackFideId "3508528"]
[WhiteElo "2426"]
[BlackElo "2427"]
[Result "0-1"]
[Round "09"]
[TimeControl "180+1"]
[Date "2022.02.15"]
[WhiteClock "0:00:01"]
[BlackClock "0:00:04"]

1. e4 e5 2. Nf3 Nc6 3. d4 exd4 4. Nxd4 Nf6 5. Nxc6 bxc6 6. e5 Qe7 7. Qe2 Nd5 8. g3 g6 9. c4 Ba6 10. b3 Bg7 11. Bb2 O-O 12. Bg2 Rae8 13. O-O Bxe5 14. Qxe5 Qxe5 15. Bxe5 Rxe5 16. cxd5 Bxf1 17. Kxf1 cxd5 18. Nd2 c6 19. Nf3 Re7 20. Rd1 Rfe8 21. Nd4 Kg7 22. Bf3 f5 23. h4 Kf6 24. Nc2 Rb8 25. Rd4 Rb5 26. Ne3 Rc5 27. Ra4 d6 28. Ke1 h6 29. Kd2 g5 30. h5 g4 31. Be2 a5 32. Bd3 Re5 33. Rf4 Kg5 34. Rxf5+ Rxf5 35. Nxf5 Kxh5 36. Nxd6 d4 37. Nf5 Kg5 38. Nxd4 h5 39. Be4 Re5 40. Kd3 c5 41. Nc6 Re6 42. Nxa5 Ra6 43. Nb7 Rxa2 44. Ke3 h4 45. gxh4+ Kxh4 46. Nxc5 g3 47. fxg3+ Kxg3 48. Kd4 Rb2 49. Kc3 Re2 50. Bd3 Re8 51. b4 Kf4 52. Bb5 Rb8 53. Kc4 Kf5 54. Bd7+ Kg6 55. Bc6 Kf7 56. Nd7 Rc8 57. Kc5 Ke7 58. b5 Kd8 59. b6 Rc7 60. Kd6 Rxd7+ 0-1


[Site "https://www.chess.com"]

[Event "Titled Tuesday Blitz February 15 Early 2022"]
[White "Gozzoli, Yannick"]
[Black "Sanal, Vahap"]
[WhiteFideId "616915"]
[BlackFideId "6300545"]
[WhiteElo "2609"]
[BlackElo "2603"]
[Result "1-0"]
[Round "09"]
[TimeControl "180+1"]
[Date "2022.02.15"]
[WhiteClock "0:01:16"]
[BlackClock "0:00:02"]

1. d4 Nf6 2. c4 e6 3. Nf3 b6 4. g3 Bb7 5. Bg2 Be7 6. O-O O-O 7. Re1 Na6 8. h4 d5 9. cxd5 exd5 10. Nc3 c5 11. Bf4 Ne4 12. Rc1 Bf6 13. e3 Re8 14. Ne5 cxd4 15. exd4 Nxc3 16. Rxc3 Rc8 17. Qa4 Rxc3 18. bxc3 Bxe5 19. Rxe5 Rxe5 20. Bxe5 Qc8 21. c4 Bc6 22. Qa3 f6 23. Bf4 Bb7 24. cxd5 Nb8 25. Qxa7 Nd7 26. Bh3 b5 27. Qa5 Bxd5 28. Qxb5 Bc6 29. Qc4+ Kh8 30. a4 h6 31. d5 Bb7 32. Qxc8+ Bxc8 33. a5 1-0


[Site "https://www.chess.com"]

[Event "Titled Tuesday Blitz February 15 Early 2022"]
[White "Grineva, Marianna"]
[Black "Ozdemir, Serhan Berat"]
[WhiteFideId "14102013"]
[BlackFideId "6374611"]
[WhiteElo "1954"]
[BlackElo "1920"]
[Result "0-1"]
[Round "09"]
[TimeControl "180+1"]
[Date "2022.02.15"]
[WhiteClock "0:00:02"]
[BlackClock "0:00:04"]

1. e4 c5 2. Be2 e6 3. d3 d5 4. f4 Nc6 5. Nf3 Nf6 6. e5 Ng8 7. O-O Nge7 8. c4 d4 9. Nbd2 Nf5 10. Ne4 h5 11. Nfg5 Be7 12. Bxh5 g6 13. Bf3 Qc7 14. Qe2 b6 15. Bd2 Bb7 16. Rae1 O-O-O 17. Nxf7 Bh4 18. Nxd8 Bxe1 19. Nxc6 Bxd2 20. Nxa7+ Kb8 21. Nb5 Qh7 22. Qxd2 Qxh2+ 23. Kf2 Qh4+ 24. Ke2 Bxe4 25. Bxe4 Ng3+ 26. Kd1 Nxf1 27. Qe2 Ne3+ 28. Kd2 Qxf4 29. Nd6 Rh1 30. g3 Nxc4+ 31. Kc2 Qc1+ 32. Kb3 Na5+ 33. Ka3 Qd1 34. Qxd1 Rxd1 35. Bxg6 Rg1 36. Be4 Rxg3 37. Nb5 Rg1 38. b4 cxb4+ 39. Kxb4 Nb7 40. a4 Nc5 41. Nd6 Nxe4 42. Nxe4 Rc1 43. Nd6 Kc7 44. Nf7 Kc6 45. Ng5 Kd5 46. Kb5 Rb1+ 47. Ka6 Kxe5 48. Nf3+ Kd5 49. Ng5 Ra1 50. Kb5 Rb1+ 51. Ka6 Rb4 52. Kb7 Rxa4 53. Kxb6 Ra3 54. Kb5 Rxd3 55. Kb4 Rc3 56. Nh7 Rc4+ 57. Kb3 Rc3+ 58. Kb2 e5 59. Nf6+ Kc4 60. Ng4 e4 61. Ne5+ Kd5 62. Ng4 Rg3 63. Nf6+ Ke5 64. Nd7+ Kd6 65. Nb6 e3 66. Nc4+ Kd5 67. Na3 Rg2+ 68. Nc2 e2 69. Nb4+ Kc4 70. Nc2 e1=Q 71. Ka3 Qc3+ 72. Ka4 Qb3+ 73. Ka5 Qb5# 0-1


[Site "https://www.chess.com"]

[Event "Titled Tuesday Blitz February 15 Early 2022"]
[White "Gunina, Valentina"]
[Black "Pichot, Alan"]
[WhiteFideId "4167570"]
[BlackFideId "110973"]
[WhiteElo "2465"]
[BlackElo "2543"]
[Result "1-0"]
[Round "09"]
[TimeControl "180+1"]
[Date "2022.02.15"]
[WhiteClock "0:00:07"]
[BlackClock "0:00:08"]

1. d4 Nf6 2. c4 e6 3. Nf3 d5 4. Nc3 dxc4 5. e4 b5 6. e5 Nfd7 7. Nxb5 Nb6 8. Be2 Nc6 9. O-O Be7 10. Be3 O-O 11. a3 Rb8 12. Nc3 Na5 13. Qc2 Nd5 14. Rad1 Bd7 15. Nd2 Nxe3 16. fxe3 Bg5 17. Rf3 c5 18. Nde4 Be7 19. dxc5 Qc7 20. Nf6+ Bxf6 21. exf6 g6 22. Qe4 Rfd8 23. Qh4 Qxc5 24. Ne4 Qf8 25. Rh3 h6 26. Qf4 e5 27. Qxh6 Qxh6 28. Rxh6 Bc6 29. Nd6 Rxb2 30. Bf1 c3 31. Rh8+ Kxh8 32. Nxf7+ Kg8 33. Nh6+ Kh7 34. Rxd8 Rb7 35. f7 Rxf7 36. Rh8+ Kg7 37. Bd3 Rd7 38. Rg8+ Kxh6 39. Rxg6+ Kh5 40. Bf5 Rd1+ 41. Kf2 Rd2+ 42. Kf1 1-0


[Site "https://www.chess.com"]

[Event "Titled Tuesday Blitz February 15 Early 2022"]
[White "Gurevich, Dmitry"]
[Black "Khoroshev, Nikita"]
[WhiteFideId "2000407"]
[BlackFideId "14200287"]
[WhiteElo "2506"]
[BlackElo "2354"]
[Result "0-1"]
[Round "09"]
[TimeControl "180+1"]
[Date "2022.02.15"]
[WhiteClock "0:00:01"]
[BlackClock "0:00:51"]

1. d4 Nf6 2. c4 e6 3. g3 d5 4. Bg2 Nc6 5. cxd5 exd5 6. Nf3 h6 7. O-O Bd6 8. Nc3 O-O 9. Nb5 Bf5 10. Nxd6 cxd6 11. Bf4 Qd7 12. Rc1 Rac8 13. Qa4 a6 14. Qa3 Rfd8 15. Rfd1 Ne4 16. h4 Bh3 17. Be3 Bxg2 18. Kxg2 Qf5 19. Rh1 Re8 20. h5 Ne7 21. Rxc8 Rxc8 22. Qb3 b5 23. a4 Qd7 24. axb5 Qxb5 25. Qxb5 axb5 26. Rc1 Rc4 27. b3 Rxc1 28. Bxc1 Nc6 29. Bf4 Kf8 30. Ne1 Ke7 31. e3 Nd2 32. Nd3 Nxb3 33. g4 f6 34. Bg3 Kd7 35. f3 Nd2 36. Be1 Nc4 37. Kf2 Ne7 38. Ke2 f5 39. gxf5 Nxf5 40. Nf4 Ncxe3 41. Bb4 Nc2 42. Ba5 Ncxd4+ 0-1


[Site "https://www.chess.com"]

[Event "Titled Tuesday Blitz February 15 Early 2022"]
[White "Hakemi, Arman"]
[Black "Timofeev, Artyom"]
[WhiteFideId "22520805"]
[BlackFideId "4140419"]
[WhiteElo "2208"]
[BlackElo "2583"]
[Result "1-0"]
[Round "09"]
[TimeControl "180+1"]
[Date "2022.02.15"]
[WhiteClock "0:00:18"]
[BlackClock "0:00:22"]

1. e4 c5 2. Nf3 Nc6 3. d4 cxd4 4. Nxd4 e5 5. Nb5 a6 6. Nd6+ Bxd6 7. Qxd6 Qe7 8. Qd1 Nf6 9. Nc3 d6 10. Bg5 Be6 11. Nd5 Bxd5 12. exd5 Nb8 13. c4 O-O 14. Be2 Nbd7 15. O-O h6 16. Be3 Ne4 17. f3 Ng5 18. h4 Nh7 19. Bf2 Nhf6 20. Rc1 e4 21. Re1 Ne5 22. f4 Ned7 23. Qd4 a5 24. a3 a4 25. g4 Nc5 26. Rc3 Nb3 27. Qe3 Nd7 28. g5 f5 29. Qg3 hxg5 30. hxg5 g6 31. Bd1 Ndc5 32. Kg2 Kf7 33. Bxb3 Nxb3 34. Rxb3 axb3 35. Bd4 Rh8 36. Bxh8 Rxh8 37. Qxb3 Ke8 38. Qa4+ Kf7 39. Qc2 Rh4 40. Qf2 Rg4+ 41. Kf1 Qd8 42. Ke2 Qh8 43. Kd1 Qh3 44. Qb6 Qd3+ 45. Kc1 Qxc4+ 46. Kb1 Qxd5 47. Qc7+ Ke6 48. Qc8+ Ke7 49. Qc7+ Ke6 50. Qc8+ Ke7 51. Rh1 Qf7 52. Rh7 Qxh7 53. Qc7+ Ke6 54. Qxh7 Rxf4 55. Qxg6+ Kd5 56. Qf7+ Kd4 57. Qf6+ Kd3 58. Qxd6+ Ke3 59. Qb6+ Kf3 60. Qxb7 Rg4 61. a4 f4 62. a5 Rxg5 63. a6 Ra5 64. a7 Ke3 65. Qb6+ 1-0


[Site "https://www.chess.com"]

[Event "Titled Tuesday Blitz February 15 Early 2022"]
[White "Hansen, Eric"]
[Black "Nguyen, Ngoc Truong Son"]
[WhiteFideId "2606771"]
[BlackFideId "12401110"]
[WhiteElo "2568"]
[BlackElo "2596"]
[Result "1-0"]
[Round "09"]
[TimeControl "180+1"]
[Date "2022.02.15"]
[WhiteClock "0:00:09"]
[BlackClock "0:00:02"]

1. e4 c5 2. Nf3 d6 3. Bb5+ Bd7 4. Bxd7+ Qxd7 5. O-O Nc6 6. c3 Nf6 7. Re1 e6 8. d4 cxd4 9. cxd4 Be7 10. Nc3 O-O 11. h3 Rac8 12. Bf4 Na5 13. Qd3 h6 14. Rad1 Nc4 15. Bc1 Rfe8 16. b3 Nb6 17. Bb2 d5 18. e5 Nh7 19. Bc1 Rc6 20. Bd2 a6 21. Ne2 Rec8 22. Ng3 Rc2 23. a4 Qc6 24. Nh5 Nd7 25. Nh2 Bg5 26. f4 Be7 27. Ng4 Bf8 28. f5 exf5 29. Qxf5 Qe6 30. Qf3 Ng5 31. Bxg5 hxg5 32. Rf1 R8c3 33. Rd3 Rxd3 34. Qxd3 Ra2 35. Kh1 Rb2 36. Qc3 Ra2 37. Qe3 Qg6 38. Ng3 Qc2 39. Qf3 Qg6 40. Qxd5 1-0


[Site "https://www.chess.com"]

[Event "Titled Tuesday Blitz February 15 Early 2022"]
[White "Harish, Neeraj"]
[Black "Krasilnikov, Evgeni"]
[WhiteFideId "30958130"]
[BlackFideId "4139739"]
[WhiteElo "1545"]
[BlackElo "2295"]
[Result "0-1"]
[Round "09"]
[TimeControl "180+1"]
[Date "2022.02.15"]
[WhiteClock "0:00:20"]
[BlackClock "0:00:14"]

1. e4 c6 2. d4 d5 3. Nc3 dxe4 4. Nxe4 Nf6 5. Nxf6+ exf6 6. Bd3 Qxd4 7. Nf3 Qd5 8. O-O Be7 9. Qe2 Be6 10. Be3 O-O 11. Rad1 Qh5 12. Qd2 Bd5 13. Be2 Bd6 14. h3 Bc7 15. c4 Bxf3 16. Bxf3 Qe5 17. g3 Qe6 18. Qc2 Qxh3 19. Qe4 Qe6 20. Qc2 Bxg3 21. Kg2 Be5 22. Rh1 g6 23. Rdg1 Nd7 24. Be4 f5 25. Bf3 Nf6 26. Rh3 Rfd8 27. Rgh1 h5 28. Bg5 Rd7 29. Bxf6 Qxf6 30. Bxh5 gxh5 31. Rxh5 Qg6+ 32. Kf1 Bg7 33. Rxf5 Rad8 0-1


[Site "https://www.chess.com"]

[Event "Titled Tuesday Blitz February 15 Early 2022"]
[White "Harshavardhan G B"]
[Black "Al Mukhaini, Shima"]
[WhiteFideId "25059009"]
[BlackFideId "22005854"]
[WhiteElo "1831"]
[BlackElo "2414"]
[Result "1-0"]
[Round "09"]
[TimeControl "180+1"]
[Date "2022.02.15"]
[WhiteClock "0:02:01"]
[BlackClock "0:01:55"]

1. Nf3 Nf6 2. c4 c5 3. g3 Nc6 4. Bg2 g6 5. Nc3 Bg7 6. O-O O-O 7. d3 d5 8. cxd5 Nxd5 9. Bd2 e6 10. Rc1 b6 11. a3 Bb7 12. Re1 Rc8 13. h4 Nd4 14. Nxd4 cxd4 15. Nxd5 Rxc1 16. Qxc1 Bxd5 17. Bh6 Bxg2 18. Bxg7 Kxg7 19. Kxg2 Qd7 20. h5 Rc8 21. h6+ Kf8 22. Qg5 Qd5+ 23. Qxd5 exd5 24. Kf3 Rc2 25. Rh1 Rxb2 26. Rh4 Ke7 27. Rxd4 Ke6 28. g4 Rb3 29. a4 a5 30. g5 Rb4 31. Ke3 1-0


[Site "https://www.chess.com"]